 Dungeon Crawl Stone Soup version 0.18.1-50-g88ac8fd (webtiles) character file.

143 Inkary the Covered (level 5, -6/42 HPs)
             Began as a Formicid Fighter on Sept 17, 2016.
             Killed by divine providence
             ... invoked by an orc priest
              (12 damage)
             ... on level 3 of the Dungeon.
             The game lasted 00:02:44 (2282 turns).

Inkary the Covered (Formicid Fighter)               Turns: 2282, Time: 00:02:44

Health: -6/42      AC:  7    Str: 22    XL:     5   Next: 50%
Magic:  5/5        EV:  8    Int:  7    God:
Gold:   98         SH:  9    Dex: 10    Spells: 0 memorised, 4 levels left

rFire  . . .     SeeInvis +     a - +0 war axe
rCold  . . .     Gourm    .     i - +0 ring mail (curse)
rNeg   . . .     Faith    .     c - +0 shield
rPois  .         Spirit   .     (helmet unavailable)
rElec  .         Dismiss  .     (no cloak)
rCorr  .         Reflect  .     (no gloves)
SustAt .         Harm     .     b - +0 pair of boots
MR     .....                    (no amulet)
Stlth  ..........               (no ring)
                                (no ring)

@: not resistant to hostile enchantments, extremely unstealthy
A: permanent stasis, dig shafts and tunnels, four strong arms, antennae 3
a: Dig, Shaft Self


You were on level 3 of the Dungeon.
You were not hungry.

You visited 1 branch of the dungeon, and saw 3 of its levels.

You collected 98 gold pieces.

Inventory:

Hand Weapons
 a - a +0 war axe (weapon)
Armour
 b - a +0 pair of boots (worn)
 c - a +0 shield (worn)
 i - a cursed +0 ring mail (worn)
Jewellery
 l - a cursed -3 ring of dexterity {unknown}
 v - an uncursed ring of positive energy {unknown}
Wands
 m - a wand of random effects (20/48)
Scrolls
 e - 3 scrolls of remove curse {unknown}
 h - a scroll of random uselessness {unknown}
 j - 5 scrolls of identify {unknown}
 n - a scroll of amnesia {unknown}
 o - a scroll of teleportation {unknown}
 t - a scroll of fear {unknown}
Potions
 d - 2 potions of might
 k - 4 potions of curing {unknown}
 p - a potion of haste {unknown}
 q - a potion of ambrosia {unknown}
 s - a potion of flight {unknown}
 u - a potion of lignification {unknown}
 w - a potion of brilliance {unknown}
Comestibles
 f - 3 bread rations
 g - a meat ration
 r - a chunk of flesh


   Skills:
 + Level 4.1 Fighting
 * Level 4.0 Axes
 + Level 4.3 Armour
 - Level 3.6 Shields


You had 4 spell levels left.
You didn't know any spells.

Dungeon Overview and Level Annotations

Branches:
Dungeon (3/15)

Altars:
Fedhas
Makhleb


Innate Abilities, Weirdness & Mutations

You are under a permanent stasis effect.
You can dig through walls and to a lower floor.
Your four strong arms can wield two-handed weapons with a shield.
You have a pair of large antennae on your head (SInv).


Message History

Your shield and ring mail prevent you from hitting the orc priest.
The orc priest is moderately wounded.
You closely miss the orc wizard. You block the orc priest's attack.
The orc wizard points at you and mumbles some strange words.
You resist with some effort. You block the orc priest's attack.
Your shield and ring mail prevent you from hitting the orc priest.
The orc priest is moderately wounded.
You closely miss the orc wizard.
The orc wizard hits you but does no damage.
The orc priest hits you but does no damage.
The orc wizard barely misses you.
An orc comes into view. It is wielding a dagger.
The orc priest mumbles some strange prayers to Beogh against you.
Beogh smites you!
* * * LOW HITPOINT WARNING * * *
Things that are here:
a club; a short sword; a ring mail The orc priest calls down the wrath of Beogh upon you.
Beogh smites you!
You die...

#......%# #.......#
#.......###
#......... #.......#
#.......# #.#
############...o...#
#.#
#_..........@o)o..#
#.# ###
#.#############.#.#
#.# #.. #.# #.#.#
##.####.# #.#
#.#.###...##... #.#
..#.....#.....# #.#
### #.....##..# #.#
##..#.###..# #.#
#...#.###..# #.# ###
#####....(..[#..


You could see an orc priest, an orc wizard and an orc.

Vanquished Creatures
  An iguana (D:3)
  3 adders
  An ooze (D:3)
  4 worms
  4 dart slugs
  A giant gecko (D:2)
  6 orcs (D:3)
  5 bats
  A giant cockroach (D:3)
  9 hobgoblins
  3 jackals (D:1)
  2 quokkas (D:3)
  A ball python (D:2)
  3 giant newts
  8 goblins
  5 kobolds
  5 rats
62 creatures vanquished.

Vanquished Creatures (others)
  7 toadstools (D:1)
7 creatures vanquished.

Grand Total: 69 creatures vanquished

Notes
Turn   | Place    | Note
--------------------------------------------------------------
     0 | D:1      | Inkary the Formicid Fighter began the quest for the Orb.
     0 | D:1      | Reached XP level 1. HP: 18/18 MP: 1/1
    65 | D:1      | Reached XP level 2. HP: 6/24 MP: 2/2
   663 | D:1      | Reached XP level 3. HP: 29/29 MP: 3/3
  1091 | D:2      | Reached XP level 4. HP: 10/36 MP: 4/4
  2037 | D:3      | Reached XP level 5. HP: 35/42 MP: 5/5
  2105 | D:3      | Found a blossoming altar of Fedhas.
  2245 | D:3      | Found a burning altar of Makhleb.
  2282 | D:3      | Killed from afar by an orc priest

Skill      XL: |  1  2  3  4  5 |
---------------+----------------+-----
Axes           | 3 4 |  4.0
Armour         | 4 |  4.3
Fighting       | 4 |  4.1
Shields        | |  3.6

Action                   |  1- 3 |  4- 6 || total
-------------------------+-------+-------++-------
Melee: War axe           |   106 |   133 ||   239
  Eat: Chunk             |     1 |     4 ||     5
Armor: Scale mail        |     9 |       ||     9
       Ring mail         |    50 |    49 ||    99
Dodge: Dodged            |    37 |    51 ||    88
Block: Shield            |    60 |    67 ||   127
